 Dungeon Crawl Stone Soup version 0.29.0-5-ge4962eb29e (webtiles) character file.

Game seed: 7162259794791235433

119 ProzacElf the Cudgeller (level 4, -1/37 HPs)
             Began as a Palentonga Fighter on Aug 28, 2022.
             Was a Believer of Cheibriados.
             Slain by a hobgoblin (4 damage)
             ... led by Robin
             ... on level 3 of the Dungeon.
             The game lasted 00:07:12 (3070 turns).

ProzacElf the Cudgeller (Palentonga Fighter)        Turns: 3070, Time: 00:07:12

Health: -1/37      AC:  6    Str: 29    XL:     4   Next: 73%
Magic:  4/4        EV:  7    Int: 13    God:    Cheibriados [**....]
Gold:   182        SH:  4    Dex: 14    Spells: 2/3 levels left

rFire   + + .      SeeInvis +   a - +0 flail
rCold   + + .      Faith    .   c - +0 buckler
rNeg    . . .      Spirit   .   u - +0 scale mail {rC+}
rPois   +          Reflect  .   (no helmet)
rElec   +          Harm     .   (no cloak)
rCorr   +          Rampage  .   (no gloves)
Will    .....                   (no barding)
Stlth   ..........              (no amulet)
HPRegen 0.12/turn               q - ring of protection from fire
MPRegen 0.09/turn               (no ring)

@: resistant, very slow
A: large, rugged brown scales 3, see invisible, deformed body, roll 1, armoured
tail
a: Rolling Charge, Renounce Religion, Bend Time


You were on level 3 of the Dungeon.
You worshipped Cheibriados.
Cheibriados was pleased with you.
You visited 1 branch of the dungeon, and saw 3 of its levels.

You collected 182 gold pieces.

Inventory:

Hand Weapons
 a - a +0 flail (weapon)
 p - a +0 sling
Missiles
 s - 3 poisoned darts (quivered)
Armour
 c - a +0 buckler (worn)
 o - an orb of energy
 u - a +0 scale mail of cold resistance (worn)
Jewellery
 m - a ring of ice
 q - a ring of protection from fire (left hand)
Scrolls
 f - a scroll of fear {unknown}
 g - a scroll of butterflies {unknown}
 h - a scroll of blinking {unknown}
 i - 3 scrolls of immolation {unknown}
 j - a scroll of enchant armour {unknown}
 k - a scroll of identify {unknown}
 n - a scroll of summoning {unknown}
Potions
 d - 2 potions of might
 e - 2 potions of curing
 t - a potion of attraction {unknown}


   Skills:
 - Level 3.0 Fighting
 + Level 3.8 Maces & Flails
 + Level 3.6 Armour
 - Level 2.6 Shields


You had 2 spell levels left.
You knew the following spells:

 Your Spells              Type           Power      Damage    Failure   Level
a - Sandblast             Erth           0%         2d4       63%         1

Your spell library contained the following spells:

 Spells                   Type           Power      Damage    Failure   Level
 Dazzling Flash           Conj/Hex       0%         N/A       94%         3
 Agony                    Necr           0%         N/A       100%        5
 Silence                  Hex/Air        0%         N/A       100%        5
 Statue Form              Tmut/Erth      0%         N/A       100%        6
 Shatter                  Erth           0%         3d5*      100%        9


Dungeon Overview and Level Annotations

Branches:
Dungeon (3/15)

Altars:
Cheibriados
Wu Jian

Annotations:
D:3 Robin


Innate Abilities, Weirdness & Mutations

You are completely covered in rugged brown scales. (AC +3, +7% HP)
You have supernaturally acute eyesight. (SInv)
Armour fits poorly on your strangely shaped body.
You can roll at nearby foes to attack.
You have a long armoured tail.


Message History

Tha goblin hits ye but does nay damage.
Robin's bangles clink loudly.
Robin roars a battlecry!
Tha goblins go inta a battle-frenzy!
Ye block tha goblin's attack.
Tha hobgoblin hits ye but does nay damage.
Tha goblin hits ye wit' a +0 dagger.
* * * LOW HITPOINT WARNIN'
* * * Tha hobgoblin barely misses ye.
Tha goblin closely misses ye.
Ye take 5 damage, an' haf 7/37 hp.
Ye hit tha goblin.
Tha goblin be severely wounded.
Tha goblin hits ye but does nay damage.
Ye block tha goblin's attack.
Tha hobgoblin barely misses ye.
Tha goblin hits ye wit' a +0 dagger.
* * * LOW HITPOINT WARNIN'
* * * Tha goblin hits ye wit' a +0 dagger.
* * * LOW HITPOINT WARNIN'
* * * Tha hobgoblin hits ye but does nay damage.
Ye block tha goblin's attack.
Ye take 6 damage, an' haf 1/37 hp.
It was a potion o' curin'.
Ye feel better.
Tha goblin hits ye but does nay damage.
Tha hobgoblin barely misses ye.
Ye block tha goblin's attack.
Tha goblin closely misses ye.
Tha goblin hits ye wit' a +0 dagger.
* * * LOW HITPOINT WARNIN'
* * * Tha hobgoblin hits ye.
* * * LOW HITPOINT WARNIN'
* * * Tha goblin barely misses ye.
Ye regain'd 3 hp, an' now haf 4/37 hp.
It was a potion o' magic.
Magic courses through yer body.
Tha goblin barely misses ye.
Tha hobgoblin hits ye.
* * * LOW HITPOINT WARNIN'
* * * Tha goblin barely misses ye.
Ye take 1 damage, an' haf 3/37 hp.
MP restored: 4 It was a potion o' resistance.
Ye feel protected.
Tha goblin nay longer looks unusu'lly strong.
Tha hobgoblin hits ye.
Ye die...

... ##...#######
.. ##.#..# ..
#.....##.#
#........#
##..⌠..##.#
##......# # #
#.......## ##..#
#.......gg#......
+...<..g@ggg.....
#......ggg####...
##.......##
##.....## ##...##
##+#


You could see Robin, 3 hobgoblins and 5 goblins.

Vanquished Creatures
  Natasha (D:3)
  4 adders
  A worm (D:2)
  A dart slug (D:3)
  An orc (D:3)
  6 endoplasms
  2 giant cockroaches (D:2)
  4 hobgoblins
  3 jackals (D:2)
  A quokka (D:3)
  4 ball pythons
  6 bats
  3 frilled lizards
  10 goblins
  5 kobolds
  2 rats (D:2)
54 creatures vanquished.

Notes
Turn   | Place    | Note
-------+----------+-------------------------------------------
     0 | D:1      | ProzacElf the Palentonga Fighter began the quest for the
                  | Orb.
     0 | D:1      | Reached XP level 1. HP: 19/19 MP: 1/1
   357 | D:1      | Reached XP level 2. HP: 11/25 MP: 2/2
   603 | D:1      | Found a faded altar of an unknown god.
   611 | D:1      | Prayed at the altar of an unknown god.
   611 | D:1      | Became a worshipper of Cheibriados the Contemplative
   611 | D:1      | Reached * piety under Cheibriados
  1522 | D:2      | Reached XP level 3. HP: 19/31 MP: 3/3
  1765 | D:2      | Reached ** piety under Cheibriados
  1784 | D:2      | Got the Compilation of the Lithosphere
  1794 | D:2      | Learned a level 1 spell: Sandblast
  2241 | D:3      | Found an ornate altar of the Wu Jian Council.
  2313 | D:3      | Reached XP level 4. HP: 35/37 MP: 4/4
  2800 | D:3      | Noticed Natasha
  2808 | D:3      | Killed Natasha
  3052 | D:3      | Noticed Robin
  3067 | D:3      | HP: 1/37 [goblin/+0 dagger[Robin] (3)]
  3070 | D:3      | Slain by a hobgoblin

Illustrated notes

Levels and vault maps discovered:
D:1:      nzn_arrival_water_spiral, layout_loops_corners, serial_forest,
          infiniplex_forest_straight_2, infiniplex_forest_corner_2,
          infiniplex_forest_end_2, infiniplex_forest_zigzag_2,
          infiniplex_forest_lined_room_2, infiniplex_forest_lined_2,
          infiniplex_forest_clump_curved, ebering_ecumenical_altar_petrified,
          corexii_item_surrounded_by_moat, minmay_misc_feat_cross
D:2:      layout_basic, minivault_14, minmay_tromino_i2
D:3:      layout_loops_corners, nzn_wu_jian_contemplation, serial_glass,
          glass_columns_a, glass_columns_b, glass_columns_c, glass_columns_b,
          glass_columns_a, hangedman_abyss_or_decor_lesser_grid,
          dreamdust_wishing_well, uniq_natasha, uniq_robin

Skill      XL: |  1  2  3 |
---------------+----------+-----
Armour         | 3 |  3.6
Maces & Flails | 3 |  3.8
Fighting       | |  3.0
Shields        | |  2.6

Action                   |  1- 3 |  4- 6 || total
-------------------------+-------+-------++-------
Melee: Flail             |    91 |    41 ||   132
       Tailslap          |    10 |     3 ||    13
Throw: Dart              |       |     3 ||     3
Invok: Bend Time         |       |     1 ||     1
 Abil: Rolling Charge    |     3 |       ||     3
  Use: Potion            |       |     3 ||     3
Armor: Scale mail        |    32 |    46 ||    78
Dodge: Dodged            |    20 |    32 ||    52
Block: Buckler           |    15 |    24 ||    39
